[Event "Team 45 45 League T53"]
[Site "Internet Chess Club"]
[Date "2012.06.07"]
[Round "3"]
[White "SlimeDog2"]
[Black "Logos1"]
[Result "1-0"]
[WhiteElo "2157"]
[BlackElo "1971"]
[Opening "QGD: Tartakower (Makagonov-Bondarevsky) system"]
[ECO "D58"]
[Time "22:21:55"]
[TimeControl "2700+45"]

1. d4 d5 2. Nf3 Nf6 3. c4 e6 4. Nc3 Be7 5. Bg5 h6 6. Bh4 O-O 7. e3 b6 8. Be2 Bb7
9. Bxf6 Bxf6 10. cxd5 exd5 11. b4 a5 12. b5 c5 13. bxc6 Nxc6 14. Qb3 Ne7 15. Rb1
Rb8 16. Qxb6 Qxb6 17. Rxb6 Bc6 18. Rxb8 Rxb8 19. Kd2 Nf5 20. Rb1 Rxb1 21. Nxb1
Nd6 22. Ne5 Bxe5 23. dxe5 Ne4+ 24. Ke1 Kf8 25. f3 Nc5 26. Nc3 Ke7 27. f4 f6 28.
exf6+ Kxf6 29. Bf3 Ke6 30. h4 Kd6 31. Kd2 Ne4+ 32. Nxe4+ dxe4 33. Bd1 Kc5 34.
Kc3 Bd7 35. g4 Be6 36. a3 g6 37. g5 hxg5 38. fxg5 Bf7 39. Bc2 Bd5 40. Bb3 Bc6
41. Bf7 Bb5 42. Bxg6 Kd5 43. h5 Ke5 44. h6 {Black resigns} 1-0

[Event "Team 45 45 League T53"]
[Site "Internet Chess Club"]
[Date "2012.06.03"]
[Round "3"]
[White "searchforbobby1"]
[Black "VillaBallester"]
[Result "0-1"]
[WhiteElo "2148"]
[BlackElo "2124"]
[Opening "Sicilian: Alapin's variation (2.c3)"]
[ECO "B22"]
[Time "22:01:00"]
[TimeControl "2700+45"]

1. e4 c5 2. c3 d5 3. exd5 Qxd5 4. d4 Nc6 5. Nf3 Bf5 6. Be2 cxd4 7. cxd4 Bxb1 8.
Rxb1 Qxa2 9. Bd2 e6 10. O-O Qd5 11. Qa4 Nf6 12. b4 Nd7 13. b5 Nb6 14. Qc2 Nxd4
15. Nxd4 Qxd4 16. Bc3 Qc5 17. Qb2 Na4 18. Bd4 Nxb2 19. Bxc5 Bxc5 20. Rxb2 Ke7
21. Bf3 Rab8 22. Rc2 Bb6 23. g3 Rhd8 24. Kg2 g6 25. Re1 Rd4 26. Rb2 h5 27. h4
Rd7 28. Ree2 Bd4 29. Ra2 f5 30. Kh3 e5 31. Bg2 Kf6 32. Red2 Rbd8 33. Bf1 Bb6 34.
Rdc2 e4 35. Kg2 g5 36. hxg5+ Kxg5 37. Re2 h4 38. gxh4+ Kxh4 39. Ra3 Rg7+ 40. Rg3
Rdg8 41. Rxg7 Rxg7+ 42. Kh1 Kg4 43. Bg2 Rd7 44. Kg1 Rd1+ 45. Bf1 Kf3 46. Rb2 f4
47. Rb3+ e3 48. Ra3 Bc5 49. Rb3 Rc1 50. b6 Bxb6 51. Ra3 Bc5 52. Rb3 b6 53. Rd3
Ke4 54. Rd8 exf2+ 55. Kg2 f3+ 56. Kg3 Rxf1 57. Re8+ Kd5 58. Kxf3 Re1 59. Rxe1
fxe1=Q 60. Kf4 Qf2+ 61. Kg4 Ke4 62. Kg5 Qf5+ 63. Kh4 {White resigns} 0-1

[Event "Team 45 45 League T53"]
[Site "Internet Chess Club"]
[Date "2012.06.02"]
[Round "3"]
[White "Pomberito"]
[Black "Burning-Bush"]
[Result "1-0"]
[WhiteElo "2091"]
[BlackElo "2012"]
[Opening "Old Benoni defense"]
[ECO "A43"]
[Time "15:40:37"]
[TimeControl "2700+45"]

1. d4 c5 2. d5 d6 3. Nf3 g6 4. c4 Bg7 5. e4 e6 6. h3 exd5 7. cxd5 a6 8. a4 Nf6
9. Nc3 O-O 10. Bd3 Re8 11. O-O c4 12. Bc2 Nbd7 13. Bg5 Qc7 14. a5 Nc5 15. Re1
Nfd7 16. Qd2 Rb8 17. Bh6 Bh8 18. Qg5 Ne5 19. Nxe5 Rxe5 20. Qg3 Re8 21. Bf4 b5
22. Bxd6 Be5 23. Bxc7 {Black resigns} 1-0

[Event "Team 45 45 League T53"]
[Site "Internet Chess Club"]
[Date "2012.06.02"]
[Round "3"]
[White "boknoy"]
[Black "MarioFrank"]
[Result "1/2-1/2"]
[WhiteElo "1966"]
[BlackElo "1927"]
[Opening "French: advance, Paulsen attack"]
[ECO "C02"]
[Time "16:34:34"]
[TimeControl "2700+45"]

1. e4 e6 2. d4 d5 3. e5 c5 4. c3 Nc6 5. Nf3 Qb6 6. a3 Nh6 7. b4 cxd4 8. cxd4 Nf5
9. Bb2 Be7 10. Bd3 a5 11. b5 a4 12. O-O Ncxd4 13. Nxd4 Nxd4 14. Qg4 Nxb5 15.
Qxg7 Rf8 16. Nd2 Bd7 17. Rfc1 Bc5 18. Qf6 Bc6 19. Rab1 Be7 20. Qf4 Qd8 21. Bxb5
Bxb5 22. Qd4 Bc6 23. Qd3 Bg5 24. Bd4 Bxd2 25. Qxd2 Rg8 26. Rb2 Qg5 27. f4 Qg4
28. Rc3 Rg6 29. Bc5 Qf5 30. Qd4 Rg4 31. Rf3 Qe4 32. Qf2 O-O-O 33. h3 Rg6 34. Bd4
h5 35. h4 Rdg8 36. g3 Kd7 37. Kh2 Ke8 38. Rb4 Qf5 39. Re3 Kf8 40. Rb2 Kg7 41.
Rb4 Kh6 42. Rb2 Rc8 43. Rc3 Rgg8 44. Rbc2 Qg4 45. Qd2 Kh7 46. Qf2 Qg6 47. Qf3
Bd7 48. Rc7 Bc6 49. f5 exf5 50. Rxc8 Rxc8 51. Qf4 Qg4 52. Rf2 Qxf4 53. gxf4 Rg8
54. Rg2 Rg4 55. Rxg4 fxg4 56. f5 Bd7 57. e6 fxe6 58. f6 Kg6 59. Kg3 Be8 60. Kf4
b5 61. Ke5 Kf7 62. Kf4 b4 63. axb4 a3 64. Kg3 a2 65. Ba1 e5 66. Bxe5 Ke6 67. Ba1
Kf5 68. b5 Ke6 69. b6 Bc6 70. Bb2 Kf7 71. Ba1 Ke6 72. Bb2 Kf7 73. Ba1 Ke6 74.
Bb2 {Game drawn by repetition} 1/2-1/2

[Event "Team 45 45 League T53"]
[Site "Internet Chess Club"]
[Date "2012.06.01"]
[Round "3"]
[White "Morovon23"]
[Black "AugustoCaruso"]
[Result "1/2-1/2"]
[WhiteElo "2356"]
[BlackElo "2224"]
[Opening "Dutch: classical variation"]
[ECO "A96"]
[Time "15:00:39"]
[TimeControl "2700+45"]

1. d4 e6 2. Nf3 f5 3. g3 Nf6 4. Bg2 Be7 5. O-O d6 6. c4 O-O 7. b4 Ne4 8. Bb2 Bf6
9. Nbd2 Qe8 10. b5 c6 11. a4 a6 12. Qb3 Kh8 13. c5 d5 14. bxa6 Nxa6 15. Rfc1
Nxd2 16. Nxd2 e5 17. dxe5 Bxe5 18. e3 Bxb2 19. Qxb2 Qe7 20. Nb3 Rf7 21. Rc2 h6
22. Qc3 Nc7 23. Nd4 Ne8 24. Nf3 Kg8 25. Ne5 Rf6 26. f4 Re6 27. Bh3 g6 28. Qe1
Kh7 29. a5 Nf6 30. Ra3 Nd7 31. Nxd7 Bxd7 32. Qc3 Re8 33. Kf2 Re4 34. Bf1 g5 35.
Rb2 Rb8 36. a6 gxf4 37. exf4 d4 38. Qd2 Be6 39. Bd3 Qxc5 40. a7 Ra8 41. Bxe4
Qxa3 42. Rxb7+ Kg6 43. Qxd4 Qf8 44. Bxc6 Rd8 45. Qc3 Bd5 46. Bxd5 Rxd5 47. Qc6+
Rd6 48. Qc7 Ra6 49. Rb6+ Rxb6 50. Qxb6+ Kh5 51. Qb8 Qc5+ 52. Kg2 Qc2+ 53. Kh3
Qe2 54. a8=Q Qg4+ 55. Kg2 Qe2+ 56. Kh3 Qg4+ 57. Kg2 Qe2+ 58. Kh3 Qg4+ 59. Kg2
{Game drawn by repetition} 1/2-1/2

[Event "Team 45 45 League T53"]
[Site "Internet Chess Club"]
[Date "2012.06.01"]
[Round "3"]
[White "mcplayerus"]
[Black "dinin"]
[Result "1-0"]
[WhiteElo "2051"]
[BlackElo "1871"]
[Opening "Queen's pawn game"]
[ECO "E10"]
[Time "13:33:06"]
[TimeControl "2700+45"]

1. d4 Nf6 2. Nf3 e6 3. c4 c5 4. g3 g6 5. Bg2 Bg7 6. O-O O-O 7. Nc3 d5 8. dxc5
Na6 9. Be3 Ng4 10. Bg5 f6 11. Bc1 dxc4 12. h3 Nh6 13. Qa4 Qe7 14. Qxc4 Qxc5 15.
Qb3 Qb4 16. Nd2 Qxb3 17. Nxb3 Nb4 18. Bd2 a6 19. Na4 Nc6 20. Rac1 Nd8 21. Nb6
{Black resigns} 1-0

[Event "Team 45 45 League T53"]
[Site "Internet Chess Club"]
[Date "2012.06.03"]
[Round "3"]
[White "fledermaus"]
[Black "perikitosax"]
[Result "1/2-1/2"]
[WhiteElo "1874"]
[BlackElo "1900"]
[Opening "Benoni: 6.e4"]
[ECO "A65"]
[Time "10:03:56"]
[TimeControl "2700+45"]

1. d4 Nf6 2. c4 e6 3. Nc3 c5 4. d5 exd5 5. cxd5 d6 6. e4 g6 7. f3 Bg7 8. Bg5 a6
9. a4 O-O 10. Qd2 Re8 11. Nge2 Nbd7 12. Nc1 Rb8 13. Be2 Qc7 14. O-O c4 15. Be3
Nc5 16. Bd4 b5 17. axb5 axb5 18. b4 Na6 19. Qb2 Nh5 20. Bxg7 Nxg7 21. Ra5 Qb6+
22. Kh1 Bd7 23. N1a2 Ra8 24. Qd2 Nc7 25. Rxa8 Rxa8 26. f4 Re8 27. Bf3 Re7 28. e5
Bf5 29. Re1 Nge8 30. g4 Bd3 31. Nc1 Qd4 32. Re3 Qxf4 33. Rxd3 Qxd2 34. Rxd2 Rxe5
35. Re2 f6 36. Kg2 Kf7 37. Rxe5 fxe5 38. N1e2 Nf6 39. g5 Nd7 40. Ng3 Nb8 41. Be4
Nba6 42. Na2 Na8 43. Ne2 Nb6 44. Nec3 Nc7 45. Kf2 Ke7 46. Ke3 Nd7 47. Kd2 Nb6
48. h4 Nc8 49. Nd1 Kf7 50. Ne3 Ne7 51. Kc3 Kg7 52. Kb2 h5 53. Kc3 Kf7 54. Kb2
Kg7 55. Nc3 Kf7 56. Nb1 Na6 57. Kc3 Nc7 58. Na3 Nc8 59. Nexc4 bxc4 60. Nxc4 Nb5+
61. Kb3 Ne7 62. Ne3 Ke8 63. Bd3 Nd4+ 64. Kc4 Kd8 65. b5 Kc7 66. Be4 Kb6 67. Kb4
Nxb5 68. Nc4+ Ka6 69. Na5 Nc7 70. Bd3+ Kb6 71. Nc4+ Ka7 72. Nxd6 Ncxd5+ 73. Kc5
Kb8 74. Nc4 Nf4 {Game drawn by mutual agreement} 1/2-1/2

[Event "Team 45 45 League T53"]
[Site "Internet Chess Club"]
[Date "2012.06.01"]
[Round "3"]
[White "M-Ezat"]
[Black "sibirica"]
[Result "1-0"]
[WhiteElo "2281"]
[BlackElo "2334"]
[Opening "King's Indian: East Indian defense"]
[ECO "A48"]
[Time "08:00:40"]
[TimeControl "2700+45"]

1. d4 Nf6 2. Nf3 g6 3. Nbd2 d5 4. e3 Bg7 5. b4 O-O 6. c4 b6 7. Bb2 c5 8. dxc5
bxc5 9. b5 Bf5 10. a4 Nbd7 11. a5 e6 12. Be2 Ne4 13. Bxg7 Kxg7 14. Nxe4 Bxe4 15.
O-O dxc4 16. Nd2 Bd3 17. Nxc4 Bxc4 18. Bxc4 Qc7 19. Qd2 Ne5 20. Be2 Rab8 21. Qc3
Kg8 22. Rfb1 Nd7 23. h4 Rfd8 24. h5 gxh5 25. Rc1 Rdc8 26. Ra4 Qe5 27. Qc2 Nf6
28. Rh4 Qg5 29. g3 h6 30. Qc4 Qd5 31. Qc3 Qg5 32. Qc4 Qd5 33. Qf4 Kg7 34. Qa4
Qf5 35. Kg2 Rd8 36. Qa1 Kg6 37. Rf4 Qg5 38. Rxc5 Nd5 39. Rfc4 e5 40. Qb2 f6 41.
Rh4 Nxe3+ 42. fxe3 Qxe3 43. Qc2+ f5 44. Rxh5 Kg7 45. Rc7+ Kh8 46. Rxf5 Rd2 47.
Rf8+ Rxf8 48. Qh7# {Black checkmated} 1-0

[Event "Team 45 45 League T53"]
[Site "Internet Chess Club"]
[Date "2012.06.02"]
[Round "3"]
[White "qlwqznzn"]
[Black "M-Abotreka"]
[Result "1-0"]
[WhiteElo "2392"]
[BlackElo "2087"]
[Opening "Caro-Kann: Steinitz variation"]
[ECO "B17"]
[Time "08:11:17"]
[TimeControl "2700+45"]

1. e4 c6 2. d4 d5 3. Nc3 dxe4 4. Nxe4 Nd7 5. Ng5 Ngf6 6. Bd3 e6 7. Qe2 Bd6 8.
N1f3 h6 9. Ne4 Nxe4 10. Qxe4 Nf6 11. Qe2 Qc7 12. c4 b6 13. Bd2 Bb7 14. O-O O-O
15. Bc3 Rfe8 16. Ne5 Bxe5 17. dxe5 Nd7 18. f4 Rad8 19. Bc2 c5 20. Qg4 Nf8 21.
Rae1 Re7 22. Re3 Qc6 23. Rg3 g6 24. Qh4 Red7 25. f5 exf5 26. Qxh6 f6 27. exf6
Rh7 28. Qg5 Qc7 29. Bxf5 Qf7 30. Re1 Ba6 31. b3 {Black resigns} 1-0

[Event "Team 45 45 League T53"]
[Site "Internet Chess Club"]
[Date "2012.06.02"]
[Round "3"]
[White "egyptiantiger"]
[Black "michaelq2d5"]
[Result "1-0"]
[WhiteElo "2125"]
[BlackElo "2123"]
[Opening "QGA, Bogolyubov variation"]
[ECO "D24"]
[Time "16:46:26"]
[TimeControl "2700+45"]

1. d4 d5 2. c4 dxc4 3. Nf3 Nf6 4. Nc3 a6 5. e4 b5 6. e5 Nd5 7. a4 e6 8. axb5 Bb4
9. Qc2 Nb6 10. bxa6 Rxa6 11. Rxa6 Bxa6 12. Be2 Nc6 13. Be3 Ne7 14. O-O Bxc3 15.
bxc3 Nf5 16. Bc1 O-O 17. g4 Ne7 18. Ng5 Ng6 19. h4 h6 20. h5 hxg5 21. hxg6 f5
22. gxf5 exf5 23. Ba3 Bb7 24. Bxf8 Qxf8 25. f3 Bd5 26. Bd1 Be6 27. Qh2 Qe7 28.
Qh7+ Kf8 29. Qh8+ Bg8 30. Bc2 Nd5 31. Ra1 Qe8 32. Bxf5 Nxc3 33. Be6 Qxe6 34.
Ra8+ Ke7 35. Qxg7+ Bf7 36. Qf8+ Kd7 37. Qd8+ Kc6 38. Ra6+ Kb5 39. Rxe6 Bxe6 40.
Qe8+ {Black resigns} 1-0

[Event "Team 45 45 League T53"]
[Site "Internet Chess Club"]
[Date "2012.06.01"]
[Round "3"]
[White "Portola"]
[Black "otherook"]
[Result "1/2-1/2"]
[WhiteElo "1782"]
[BlackElo "1779"]
[Opening "Queen's Pawn"]
[ECO "A41"]
[Time "10:00:46"]
[TimeControl "2700+45"]

1. d4 d6 2. Nf3 g6 3. Bf4 Bg7 4. e3 Nd7 5. c3 b6 6. Nbd2 Bb7 7. Bc4 e6 8. Qe2
Ne7 9. O-O O-O 10. e4 d5 11. Bd3 dxe4 12. Bxe4 Bxe4 13. Nxe4 Nd5 14. Bd2 N5f6
15. Bg5 Qc8 16. Rfd1 Nxe4 17. Qxe4 c5 18. Qh4 cxd4 19. cxd4 Qb7 20. Rac1 Rac8
21. a3 Rxc1 22. Rxc1 Rc8 23. Rxc8+ Qxc8 24. Qe4 Nf6 25. Qd3 Nd5 26. h3 h6 27.
Bd2 a6 28. Ne5 b5 29. Qf3 Qc7 30. Bc3 h5 31. g4 hxg4 32. hxg4 Bxe5 33. dxe5 Qc4
34. Bd2 Qd4 35. Bc3 Nxc3 36. bxc3 Qxe5 37. Qa8+ Kg7 38. Qxa6 Qxc3 39. Qxb5 Qxa3
40. Qe5+ Kg8 41. g5 Qf3 42. Qb8+ Kh7 43. Qh2+ Qh5 44. Qe5 Qg4+ 45. Kf1 Qf5 46.
f4 Qxe5 47. fxe5 Kg7 48. Ke2 Kf8 49. Kd3 Ke7 50. Kc4 Kd7 51. Kb5 Kc7 52. Kc5 Kd7
53. Kb6 Kd8 54. Kc6 Kc8 55. Kd6 Kd8 56. Kc6 Kc8 57. Kd6 Kd8 58. Kc6 {Game drawn
by repetition} 1/2-1/2

[Event "Team 45 45 League T53"]
[Site "Internet Chess Club"]
[Date "2012.06.02"]
[Round "3"]
[White "g8wrb"]
[Black "Invicta-Knight"]
[Result "1/2-1/2"]
[WhiteElo "1429"]
[BlackElo "1518"]
[Opening "Benkö gambit"]
[ECO "A57"]
[Time "14:08:27"]
[TimeControl "2700+45"]

1. d4 Nf6 2. c4 c5 3. d5 b5 4. Nf3 bxc4 5. Nc3 d6 6. e4 g6 7. Bxc4 Bg7 8. O-O
O-O 9. Re1 Nbd7 10. Qe2 Nb6 11. Ba6 Qc7 12. Rb1 Ng4 13. Bg5 Ne5 14. Bxc8 Rfxc8
15. Rec1 Nbc4 16. Nxe5 Nxe5 17. b3 Kf8 18. Qd2 a5 19. Bh6 Rab8 20. Bxg7+ Kxg7
21. Qe2 Qd7 22. h3 Qa7 23. Nb5 Qa6 24. Nc3 Qxe2 25. Nxe2 Nd3 26. Rc4 Rb4 27. Nc1
Nxc1 28. Rbxc1 Rcb8 29. f3 Rxc4 30. Rxc4 Rb4 31. Kf2 Kf6 32. f4 e6 33. Ke3 e5
34. g3 h6 35. Rxb4 axb4 36. Kd3 g5 37. f5 {Game drawn by mutual agreement}
1/2-1/2

[Event "Team 45 45 League T53"]
[Site "Internet Chess Club"]
[Date "2012.06.02"]
[Round "3"]
[White "parrot9"]
[Black "AtomicDog"]
[Result "1-0"]
[WhiteElo "1614"]
[BlackElo "1363"]
[Opening "Sicilian"]
[ECO "B56"]
[Time "10:05:53"]
[TimeControl "2700+45"]

1. e4 c5 2. Nf3 d6 3. d4 cxd4 4. Nxd4 Nf6 5. Nc3 e5 6. Nb3 Be6 7. f3 Be7 8. Be3
Nc6 9. Qd2 h5 10. O-O-O O-O 11. Nd5 Rc8 12. f4 exf4 13. Nxf6+ gxf6 14. Bxf4 Bg4
15. Be2 Ne5 16. Bxg4 hxg4 17. h3 Qc7 18. Nd4 Nc4 19. Qe2 Qb6 20. Qxg4+ Kh8 21.
Qh5+ Kg8 22. b3 Na3 23. Bh6 Rc5 24. Qg4+ Rg5 25. Bxg5 fxg5 26. Rhf1 Qc5 27. Rf5
Qc3 28. Rxg5+ Bxg5+ 29. Qxg5+ Kh8 30. Qh6+ Kg8 31. Rd3 Qa1+ 32. Kd2 Nb1+ 33. Ke3
Nc3 34. Qg5+ Kh8 35. Qh4+ Kg8 36. Kf4 Qc1+ 37. Kf5 Qf1+ 38. Rf3 {Black resigns}
1-0

[Event "Team 45 45 League T53"]
[Site "Internet Chess Club"]
[Date "2012.06.02"]
[Round "3"]
[White "Buford-Julep"]
[Black "mellizas2003"]
[Result "0-1"]
[WhiteElo "1624"]
[BlackElo "1688"]
[Opening "QGD: Neo-orthodox variation, 7.Bxf6"]
[ECO "D55"]
[Time "09:01:38"]
[TimeControl "2700+45"]

1. d4 d5 2. c4 e6 3. Nc3 Nf6 4. Bg5 Be7 5. e3 O-O 6. Nf3 h6 7. Bxf6 Bxf6 8. Qb3
dxc4 9. Bxc4 b6 10. O-O-O Nc6 11. Be2 Qe7 12. h4 Na5 13. Qc2 c5 14. Ne4 cxd4 15.
Nxf6+ Qxf6 16. Qe4 Bb7 17. Qxd4 Rac8+ 18. Kb1 e5 19. Qxe5 Bxf3 20. Qxf6 Be4+ 21.
Ka1 gxf6 22. f3 Rc2 23. Bb5 Bh7 24. g4 Rfc8 25. e4 Rf2 {White resigns} 0-1

[Event "Team 45 45 League T53"]
[Site "Internet Chess Club"]
[Date "2012.06.01"]
[Round "3"]
[White "Warpdrive"]
[Black "pauliewoll"]
[Result "1/2-1/2"]
[WhiteElo "1603"]
[BlackElo "1608"]
[Opening "Sicilian: dragon, classical, Amsterdam variation"]
[ECO "B72"]
[Time "13:28:55"]
[TimeControl "2700+45"]

1. e4 c5 2. Nf3 d6 3. d4 cxd4 4. Nxd4 Nf6 5. Nc3 g6 6. Be2 Bg7 7. Be3 Nc6 8. Qd2
Ng4 9. Bxg4 Bxg4 10. f3 Bd7 11. h4 Qa5 12. O-O-O Ne5 13. Qe2 Nc6 14. Kb1 Nxd4
15. Bxd4 Bxd4 16. Rxd4 Be6 17. Rhd1 O-O 18. Nd5 Rfe8 19. g4 Rac8 20. h5 g5 21.
f4 gxf4 22. Qf3 Qc5 23. c3 Bxd5 24. exd5 e5 25. dxe6 Rxe6 26. Qxb7 Rc7 27. Qf3
Rf6 28. Rxf4 Rxf4 29. Qxf4 Qe5 30. Qd4 Qxd4 31. Rxd4 Rd7 32. h6 f6 33. c4 Kf7
34. c5 Ke6 35. Kc2 dxc5 36. Rxd7 Kxd7 37. Kc3 Ke6 38. Kc4 Ke5 39. Kxc5 Kf4 40.
Kd4 Kxg4 41. Ke3 f5 42. b4 {Game drawn by mutual agreement} 1/2-1/2

[Event "Team 45 45 League T53"]
[Site "Internet Chess Club"]
[Date "2012.06.02"]
[Round "3"]
[White "losscause"]
[Black "cristinika"]
[Result "0-1"]
[WhiteElo "1611"]
[BlackElo "1482"]
[Opening "Queen's pawn: stonewall attack"]
[ECO "D00"]
[Time "14:05:03"]
[TimeControl "2700+45"]

1. d4 d5 2. e3 Nf6 3. Bd3 Nc6 4. c3 e5 5. dxe5 Nxe5 6. Be2 Bf5 7. Nf3 Nxf3+ 8.
Bxf3 c6 9. O-O Bd6 10. Nd2 O-O 11. Re1 Qc7 12. Nf1 b5 13. Ng3 Bg6 14. b3 Be5 15.
Qd2 Rad8 16. Bb2 c5 17. Rac1 c4 18. Bd1 Bxg3 19. hxg3 Bd3 20. Be2 Ne4 21. Qd1
Bxe2 22. Rxe2 Rfe8 23. Qe1 Re6 24. Rd1 Ra6 25. bxc4 bxc4 26. Ra1 Rh6 27. Rd1 Qe5
28. f4 Qh5 {White resigns} 0-1

[Event "Team 45 45 League T53"]
[Site "Internet Chess Club"]
[Date "2012.06.03"]
[Round "3"]
[White "Lee-D"]
[Black "SirIvanhoe"]
[Result "0-1"]
[WhiteElo "1490"]
[BlackElo "1510"]
[Opening "QGD Slav defense, Alekhine variation"]
[ECO "D10"]
[Time "20:02:00"]
[TimeControl "2700+45"]

1. d4 d5 2. c4 c6 3. Nc3 dxc4 4. e4 b5 5. a4 b4 6. Na2 Nf6 7. e5 Nd5 8. Bxc4 a5
9. Nf3 Ba6 10. Bxa6 Nxa6 11. O-O e6 12. Bd2 c5 13. dxc5 Nxc5 14. Nc1 Be7 15. Nd4
Qd7 16. Nce2 O-O 17. Nb5 Rfc8 18. Ng3 Nd3 19. Rb1 Nxe5 20. Re1 Ng6 21. Re4 Rc6
22. Rc1 Rac8 23. Nd4 Rxc1 24. Bxc1 Nf6 25. Re2 Rxc1 26. Qxc1 Qxd4 27. Rc2 Nd5
28. Ne2 Qe4 29. f3 Qe3+ 30. Kf1 Qxc1+ 31. Rxc1 h6 32. Nd4 Bf6 33. Nc6 Bxb2 34.
Rb1 Bc3 35. Nxa5 Nb6 36. Nc6 Nxa4 37. g3 Nb2 38. h4 Nd3 39. h5 Nge5 40. Ne7+ Kf8
41. Nc8 Nxf3 42. Rd1 Nfe5 43. Ke2 g6 44. hxg6 fxg6 45. Rf1+ Kg7 46. Nd6 h5 47.
Ne8+ Kh6 48. Rf6 b3 49. Rxe6 b2 50. Rb6 Nb4 51. Rb8 b1=Q {White resigns} 0-1

[Event "Team 45 45 League T53"]
[Site "Internet Chess Club"]
[Date "2012.06.04"]
[Round "3"]
[White "tightfist"]
[Black "amicusUK"]
[Result "0-1"]
[WhiteElo "1600"]
[BlackElo "1626"]
[Opening "Old Indian defense"]
[ECO "A42"]
[Time "11:01:15"]
[TimeControl "2700+45"]

1. c4 d6 2. d4 e5 3. dxe5 dxe5 4. Qxd8+ Kxd8 5. Nf3 f6 6. Nc3 c6 7. b3 Nh6 8.
Bb2 Be6 9. O-O-O+ Kc7 10. e3 Ng4 11. Rd2 Bb4 12. h3 Nh6 13. Be2 Na6 14. Rhd1
Rad8 15. g4 Nf7 16. Kc2 Nc5 17. Rxd8 Rxd8 18. Nd2 Ng5 19. f4 Nf7 20. f5 Bc8 21.
a3 Bxc3 22. Bxc3 Ng5 23. Bb4 Na6 24. h4 Nxb4+ 25. axb4 Nf7 26. Bf3 h5 27. e4
hxg4 28. Bxg4 Rd4 29. Kc3 Nd6 30. Bf3 Nxf5 31. exf5 Bxf5 32. Be2 Rxh4 33. Rg1 g6
34. Nf3 Rh6 35. Ra1 a6 36. Rf1 Bg4 37. Rf2 Rh3 38. Kd3 f5 39. Kc2 Bxf3 40. Bxf3
g5 41. Be2 f4 42. Bg4 Rg3 43. Bf5 g4 44. c5 Rg1 45. Rd2 f3 46. Rd7+ Kb8 47. Rd8+
Ka7 48. Kd2 f2 49. Bd3 f1=Q 50. Bxf1 Rxf1 51. Rg8 Rf4 52. Kc3 Rf3+ 53. Kc2 g3
54. Kd1 e4 55. Rg4 Rxb3 56. Rxe4 g2 57. Rg4 Rb1+ 58. Kc2 g1=Q 59. Rxg1 Rxg1 60.
Kb3 Rg4 61. Kc3 b6 62. cxb6+ Kxb6 63. Kb3 Kb5 64. Ka3 Rxb4 65. Ka2 c5 66. Ka3 c4
67. Ka2 c3 {White resigns} 0-1

[Event "Team 45 45 League T53"]
[Site "Internet Chess Club"]
[Date "2012.06.03"]
[Round "3"]
[White "Kingpatzer"]
[Black "mamaya"]
[Result "0-1"]
[WhiteElo "1298"]
[BlackElo "1492"]
[Opening "QGD: 3.Nc3"]
[ECO "D31"]
[Time "11:46:56"]
[TimeControl "2700+45"]

1. d4 d5 2. c4 e6 3. Nc3 f5 4. cxd5 exd5 5. e3 Nf6 6. Bd3 c6 7. Nge2 Bd6 8. Ng3
Ne4 9. f3 Nxg3 10. hxg3 Bxg3+ 11. Kf1 O-O 12. f4 Rf6 13. Ne2 Rg6 14. Bd2 Qe7 15.
Qc2 Bh4 16. g3 Bxg3 17. Bxf5 Bxf5 18. Qxf5 Nd7 19. Nxg3 Rf8 20. Qh3 h6 21. Ke2
Re6 22. Raf1 Nf6 23. Nf5 Qf7 24. Nxh6+ gxh6 25. Rfg1+ Kh8 26. Qxh6+ Nh7 27. Qh3
Rg6 28. e4 dxe4 29. Bc3 Qc4+ 30. Ke3 Qd3+ 31. Kf2 Rxf4+ 32. Ke1 Rxg1+ 33. Rxg1
Qxh3 {White resigns} 0-1

[Event "Team 45 45 League T53"]
[Site "Internet Chess Club"]
[Date "2012.06.03"]
[Round "3"]
[White "LittleButton"]
[Black "badmove"]
[Result "1/2-1/2"]
[WhiteElo "1672"]
[BlackElo "1746"]
[Opening "Scotch: Schmidt variation"]
[ECO "C45"]
[Time "17:01:41"]
[TimeControl "2700+45"]

1. e4 e5 2. Nf3 Nc6 3. d4 exd4 4. Nxd4 Nf6 5. Nxc6 bxc6 6. Bd3 d5 7. e5 Qe7 8.
O-O Ng4 9. Bf4 Be6 10. Nd2 Qb4 11. Qf3 Qxb2 12. Rfb1 Qa3 13. Rb7 Qe7 14. Rab1 g5
15. Be3 Nxe3 16. Qxe3 Bg7 17. Rb8+ Rxb8 18. Rxb8+ Kd7 19. Rb7 f6 20. Qxa7 Rc8
21. Nb3 {Game drawn by mutual agreement} 1/2-1/2

[Event "Team 45 45 League T53"]
[Site "Internet Chess Club"]
[Date "2012.06.02"]
[Round "3"]
[White "ILRE"]
[Black "Skeptic1972"]
[Result "1/2-1/2"]
[WhiteElo "1607"]
[BlackElo "1603"]
[Opening "English: symmetrical, hedgehog system"]
[ECO "A17"]
[Time "14:06:14"]
[TimeControl "2700+45"]

1. c4 e6 2. Nc3 Nf6 3. Nf3 b6 4. g3 Bb7 5. Bg2 c5 6. O-O Be7 7. d3 O-O 8. Rb1 d5
9. cxd5 Nxd5 10. Bd2 Nc6 11. a3 Rb8 12. Nxd5 exd5 13. Bf4 Bd6 14. Qd2 d4 15.
Bxd6 Qxd6 16. b4 Ba8 17. Rfc1 Ne5 18. Nxe5 Bxg2 19. Kxg2 Qxe5 20. bxc5 bxc5 21.
Rxb8 Rxb8 22. Qf4 Qxf4 23. gxf4 Rb5 24. Kf3 f5 25. e3 Ra5 26. exd4 cxd4 27. Rc4
Rxa3 28. Rxd4 a5 29. Ke3 Kf7 30. Rd7+ Kf6 31. Rd6+ Ke7 32. Rb6 a4 33. Rb7+ Kf6
34. Rb6+ Ke7 35. Rb7+ Kf6 {Game drawn by mutual agreement} 1/2-1/2

[Event "Team 45 45 League T53"]
[Site "Internet Chess Club"]
[Date "2012.06.02"]
[Round "3"]
[White "jfiquett"]
[Black "Helaman"]
[Result "0-1"]
[WhiteElo "1654"]
[BlackElo "1607"]
[Opening "Queen's pawn game"]
[ECO "E10"]
[Time "17:03:32"]
[TimeControl "2700+45"]

1. d4 Nf6 2. c4 e6 3. Nf3 c5 4. d5 exd5 5. cxd5 d6 6. h3 g6 7. Nc3 Bg7 8. e4 O-O
9. Bd3 b5 10. Nxb5 Re8 11. Nc3 Nxe4 12. Nxe4 f5 13. Nd2 fxe4 14. Nxe4 Bf5 15. f3
Bxe4 16. Bxe4 Qh4+ 17. Kf1 Bd4 18. Qe1 Qf6 19. Rb1 c4 20. h4 h5 21. Rh3 Be5 22.
Qe2 Nd7 23. Bg5 Qf7 24. Kg1 c3 25. bxc3 Nc5 26. Rf1 Bxc3 27. Be3 Rab8 28. Rg3
Rb2 29. Qc4 Nxe4 30. fxe4 Qg7 31. Rgf3 Rb4 32. Qc6 Rbxe4 33. Bxa7 Qxa7+ 34. Kh1
Rxh4+ 35. Rh3 Rxh3+ 36. gxh3 Qe3 37. Qd7 Qe4+ {White resigns} 0-1

[Event "Team 45 45 League T53"]
[Site "Internet Chess Club"]
[Date "2012.06.04"]
[Round "3"]
[White "BrandonBee"]
[Black "chrisgianno"]
[Result "1/2-1/2"]
[WhiteElo "1569"]
[BlackElo "1628"]
[Opening "Owen defense"]
[ECO "B00"]
[Time "10:17:31"]
[TimeControl "2700+45"]

1. e4 b6 2. Bc4 Bb7 3. d3 e6 4. Nc3 Bb4 5. a3 Bxc3+ 6. bxc3 Ne7 7. Qg4 O-O 8. f4
f5 9. Qe2 Nbc6 10. Nf3 Qe8 11. Nh4 fxe4 12. dxe4 d5 13. Ba2 Ng6 14. Nxg6 Qxg6
15. f5 exf5 16. Bxd5+ Kh8 17. O-O fxe4 18. Rxf8+ Rxf8 19. Bxe4 Nd4 20. cxd4 Bxe4
21. Bb2 Bxc2 22. Rc1 Bd3 23. Qd2 Qf5 24. h3 Rf7 25. Re1 h6 26. Qe3 Kh7 27. Rd1
Ba6 28. Rd2 Qf1+ 29. Kh2 Qf5 30. g4 Qd5 31. Kg3 Qd6+ 32. Qe5 Qf8 33. Qe4+ Kg8
34. Qe6 Kh7 35. Qe4+ g6 36. d5 Re7 37. Qd4 Rf7 38. Rf2 Rxf2 39. Qxf2 Qxf2+ 40.
Kxf2 Bc4 41. Be5 Bxd5 42. Bxc7 b5 43. Bb8 a6 44. Be5 Kg8 45. h4 Kf7 46. Ke3 Ke6
47. Bg7 h5 48. gxh5 gxh5 49. Kf4 Bc4 50. Kg5 Be2 51. Bf8 Kd5 52. Bb4 Kc4 53. Kf4
Kb3 54. Ke3 Bg4 55. Kd4 a5 56. Be7 Be2 57. Ke3 Bf1 58. Kd2 b4 59. axb4 axb4 60.
Kc1 Bd3 61. Bf6 Kc4 62. Kb2 b3 63. Bd8 Bc2 64. Bg5 Kd5 65. Bd8 {Game drawn by
mutual agreement} 1/2-1/2